 Dungeon Crawl Stone Soup version 0.31.0-32-g396128a36d (webtiles) character file.

Game seed: 14945799803635190945

3117 Gadfly the Acolyte (level 9, -4/55 HPs)
             Began as a Gargoyle Fighter on Mar 9, 2024.
             Was an Initiate of the Shining One.
             Slain by an orc warrior
             ... wielding a +0 halberd
              (5 damage)
             ... in a bailey.
             The game lasted 00:13:48 (6016 turns).

Gadfly the Acolyte (Gargoyle Fighter)               Turns: 6016, Time: 00:13:49

Health: -4/55      AC: 26    Str: 21    XL:     9   Next: 91%
Magic:  14/14      EV:  6    Int: 18    God:    the Shining One [......]
Gold:   478        SH:  5    Dex: 10    Spells: 8/8 levels left

rFire   + + +        a - +10 whip "Zefys" {flame, rC- Int+5}
rCold   + . .        c - +0 buckler
rNeg    + . .        e - +1 plate armour
rPois   ∞            f - +1 helmet
rElec   +            p - scarf {rC+ rF+}
rCorr   +            (no gloves)
SInv    .            r - +2 pair of boots
Will    .....        (no amulet) Stlth
                     j - ring of protection from fire
HPRegen 0.29/turn    (no ring)
MPRegen 0.14/turn

%: no passive effects
@: mighty, resistant, glowing, invisible (but backlit and visible)
A: sickness immunity, AC +6, negative energy resistance 1, electricity
resistance, torment resistance 1, petrification resistance, clever 1, shaggy fur
1
a: Renounce Religion


You were in a bailey.
You worshipped the Shining One.
The Shining One was noncommittal.
You visited 2 branches of the dungeon, and saw 8 of its levels.
You also visited: Bailey.

You collected 478 gold pieces.

Inventory:

Hand Weapons
 a - the +10 whip "Zefys" (weapon) {flame, rC- Int+5}
   (You took it off an orc on level 3 of the Dungeon)

   Int+5:     It affects your intelligence (+5).
   rC-:       It makes you vulnerable to cold.
 b - a +2 flail of protection
 h - a +0 flail
 o - the +3 long sword "Tuiklioh" {venom, rC+ rN+}
   (You found it on level 4 of the Dungeon)

   rC+:       It protects you from cold.
   rN+:       It protects you from negative energy.
Armour
 c - a +0 buckler (worn)
 e - a +1 plate armour (worn)
 f - a +1 helmet (worn)
 p - a scarf of resistance (worn)
 r - a +2 pair of boots (worn)
Jewellery
 j - a ring of protection from fire (left hand)
Wands
 n - a wand of polymorph (7) (quivered)
Scrolls
 m - a scroll of enchant armour
 u - a scroll of teleportation
 v - a scroll of vulnerability
 x - a scroll of fog
 y - a scroll of identify
Potions
 d - a potion of might
 g - a potion of attraction
 i - a potion of berserk rage
 l - 4 potions of haste
 q - a potion of enlightenment
 s - 2 potions of lignification
 z - a potion of magic
 B - 2 potions of invisibility


   Skills:
 + Level 6.1 Fighting
 * Level 6.6 Maces & Flails
 + Level 5.8 Armour
 + Level 5.9 Shields
 * Level 6.7 Invocations
 * Level 5.6 Evocations


You had 8 spell levels left.
You didn't know any spells.
Your spell library contained the following spells:

 Spells                   Type           Power      Damage    Failure   Level
 Kiss of Death            Conj/Necr      0%         2d5       99%         1
 Confusing Touch          Hex            0%         N/A       100%        3
 Dispel Undead            Necr           0%         3d6       100%        4


Dungeon Overview and Level Annotations

Branches:
Dungeon (7/15)             Temple (1/1) D:7          Bailey (1/1)

Altars:
Ashenzari
Cheibriados
Dithmenos
Elyvilon
Fedhas
Gozag
Hepliaklqana
Kikubaaqudgha
Makhleb
Nemelex Xobeh
Okawaru
Qazlal
Ru
Sif Muna
Trog
Uskayaw
Vehumet
Wu Jian
Xom
Yredelemnul
The Shining One

Shops:
D:4 (   D:6 [

Annotations:
D:6 2 transporters


Innate Abilities, Weirdness & Mutations

You are immune to sickness and miasma.
Your stone body is resilient. (AC +6)
You are immune to poison.
You resist negative energy. (rN+)
You are resistant to electric shocks. (rElec)
You are resistant to unholy torment.
You are immune to petrification.
Your mind is acute. (Int +4, Str/Dex -1)
You are covered in fur. (AC +1)


Message History

You block the orc warrior's attack.
The orc warrior hits you from afar with a +0 halberd.
* * * LOW HITPOINT WARNING * * *
The orc warrior barely misses you.
Things that are here:
a +0 spear; an orc skeleton You feel better.
The orc warrior hits you but does no damage.
Things that are here:
a +0 trident; an orc skeleton
Okay, then.
It was a potion of magic.
Magic courses through your body.
The orc warrior hits you but does no damage.
It was a potion of resistance.
You feel protected.
The orc warrior hits you but does no damage. x2
Okay, then.
The orc warrior attacks as it pursues you!
The orc warrior hits you but does no damage.
It was a potion of invisibility.
You become transparent, but the glow from your halo prevents you from becoming completely invisible.
The orc warrior hits you from afar with a +0 halberd.
* * * LOW HITPOINT WARNING * * *
The orc warrior hits you from afar with a +0 halberd.
* * * LOW HITPOINT WARNING * * *
The orc warrior attacks as it pursues you!
The orc warrior hits you from afar with a +0 glaive.
* * * LOW HITPOINT WARNING * * *
There is an open door here.
It was a potion of mutation.
You feel extremely strange.
You feel clever. Fur sprouts all over your body.
The orc warrior hits you but does no damage.
The orc warrior closely misses you.
The orc warrior hits you but does no damage.
Okay, then.
The orc warrior hits you with a +0 glaive!
* * * LOW HITPOINT WARNING * * *
The orc warrior barely misses you.
The orc warrior hits you from afar with a +0 halberd.
You die...

####### ############
######.....## ##.).)....∩.##
....#.......######...))#......#
....'...##..#).o@#...)###.....#
.!..'....8..)))o.'.....8.....∩#
...))...##..#).o.#....###.....#
....#.......######.....#......#
######.....## ##........∩.##
####### ############


You could see 3 orc warriors.

Vanquished Creatures
  The ghost of Consumeair16 the Chopper, a novice HOMo of Beogh (D:5)
  The ghost of Buffagor the Changeling, an amateur MfSh of Xom (D:3)
  Duvessa (D:7)
  Edmund (D:4)
  A black bear (D:6)
  4 orc warriors (Bailey)
  2 ice beasts (D:7)
  2 ogres (D:5)
  3 centaurs
  2 phantoms (D:6)
  Blork the orc (D:5)
  2 scorpions
  2 bullfrogs
  Dowan (D:7)
  2 howler monkeys (D:7)
  5 hounds
  3 jellies
  A gnoll bouda (D:4)
  3 iguanas
  An orc wizard (D:3)
  8 gnolls
  8 adders
  A white imp (D:6)
  2 ufetubi (D:5)
  2 dart slugs
  33 orcs
  11 ball pythons
  9 endoplasms
  3 giant cockroaches (D:4)
  11 goblins
  9 hobgoblins
  12 jackals
  8 kobolds
  2 quokkas
  4 bats
  3 frilled lizards
  6 rats
171 creatures vanquished.

Notes
Turn   | Place    | Note
-------+----------+-------------------------------------------
     0 | D:1      | Gadfly the Gargoyle Fighter began the quest for the Orb.
     0 | D:1      | Reached XP level 1. HP: 14/14 MP: 1/1
   172 | D:1      | Reached XP level 2. HP: 19/19 MP: 2/2
   257 | D:1      | Reached skill level 1 in Invocations
   338 | D:1      | Reached XP level 3. HP: 23/23 MP: 3/3
   345 | D:1      | Reached skill level 1 in Evocations
   984 | D:2      | Reached XP level 4. HP: 28/28 MP: 5/5
  1088 | D:2      | Found a faded altar of an unknown god.
  1384 | D:3      | Reached XP level 5. HP: 19/33 MP: 6/6
  1818 | D:3      | Found a runed translucent gate.
  1818 | D:3      | Noticed Buffagor's ghost (amateur MfSh)
  1820 | D:3      | Found a runed translucent gate.
  1821 | D:3      | Found a runed translucent gate.
  1823 | D:3      | Identified the +10 whip "Zefys" {flame, rC- Int+5}
  2295 | D:3      | Killed Buffagor's ghost
  2296 | D:3      | Reached XP level 6. HP: 9/38 MP: 6/8
  2559 | D:4      | Found an opulent altar of Gozag.
  2593 | D:4      | Identified the +3 long sword "Tuiklioh" {venom, rC+ rN+}
  2857 | D:4      | Reached XP level 7. HP: 42/43 MP: 9/9
  2963 | D:4      | Found Beageqik's Weapon Shop.
  3020 | D:5      | Entered Level 5 of the Dungeon
  3020 | D:5      | Noticed Blork the orc
  3025 | D:5      | Noticed Edmund
  3032 | D:5      | Killed Blork the orc
  3084 | D:4      | Killed Edmund
  3190 | D:5      | Found a hazy altar of Hepliaklqana.
  3454 | D:5      | Reached XP level 8. HP: 44/48 MP: 11/11
  3820 | D:5      | Found a transporter.
  3827 | D:5      | Noticed Consumeair16's ghost (novice HOMo)
  3828 | D:5      | Found a transporter.
  4131 | D:5      | Killed Consumeair16's ghost
  4132 | D:5      | Reached skill level 5 in Fighting
  4132 | D:5      | Reached skill level 5 in Maces & Flails
  4132 | D:5      | Reached skill level 5 in Armour
  4132 | D:5      | Reached skill level 5 in Shields
  4132 | D:5      | Reached skill level 5 in Invocations
  4353 | D:6      | Reached XP level 9. HP: 51/54 MP: 13/13
  4538 | D:6      | Noticed a boulder beetle
  4540 | D:6      | Found a transporter.
  4540 | D:6      | Found a transporter.
  4541 | D:6      | Noticed a skeletal warrior
  4551 | D:6      | Found a broken altar of Ashenzari.
  4656 | D:6      | Reached skill level 5 in Evocations
  4738 | D:6      | Found Indra's Dragon-Slaying Spoils.
  4925 | D:6      | Found a basalt altar of Yredelemnul.
  4925 | D:6      | Found an ornate altar of the Wu Jian Council.
  4925 | D:6      | Found an ancient bone altar of Kikubaaqudgha.
  5131 | D:7      | Noticed Dowan
  5132 | D:7      | Found a staircase to the Ecumenical Temple.
  5134 | D:7      | Noticed Duvessa
  5151 | D:7      | Killed Duvessa
  5189 | Temple   | Entered the Ecumenical Temple
  5244 | Temple   | Became a worshipper of the Shining One
  5264 | D:7      | Killed Dowan
  5453 | D:7      | Found a flagged portal.
  5480 | Bailey   | Entered a bailey
  6015 | Bailey   | Gained mutation: Your mind is acute. (Int +4, Str/Dex -1)
                  | [potion of mutation]
  6015 | Bailey   | Gained mutation: You are covered in fur. (AC +1) [potion of
                  | mutation]
  6016 | Bailey   | HP: 1/55 [orc warrior/+0 glaive (8)]
  6016 | Bailey   | Slain by an orc warrior

Illustrated notes

Levels and vault maps discovered:
D:1:      nicolae_arrival_somewhat_less_tricky_arrival, layout_rooms
D:2:      layout_basic, ebering_ecumenical_altar_box
D:3:      layout_basic, biasface_ghost_orc_armoury, fountainhead
D:4:      layout_rooms, grunt_gozag_statues, serial_shops, nicolae_shop_stone
D:5:      layout_loops_ring, nzn_hepliaklqana_mist_gate, gammafunk_ghost_smash,
          uniq_edmund, uniq_blork_the_orc
D:6:      layout_loops_corners, ashenzari_altar_1,
          gammafunk_temple_overflow_arena, nicolae_shop_dragon_depot
D:7:      minmay_inner_zag, layout_loops_ring, minmay_temple_entry_ruins,
          enter_bailey_4, uniq_duvessa, uniq_crazy_yiuf_cottage
Temple:   minmay_freezing_vapour_temple
Bailey:   bailey_polearm_5, bailey

Skill      XL: |  1  2  3  4  5  6  7  8  9 |
---------------+----------------------------+-----
Invocations    | 1 2 3 4 5 6 |  6.7
Evocations     | 1 2 3 4 5 |  5.6
Maces & Flails | 3 4 5 6 |  6.6
Fighting       | 4 5 6 |  6.1
Armour         | 4 5 |  5.8
Shields        | 4 5 |  5.9

Action                     |  1- 3 |  4- 6 |  7- 9 || total
---------------------------+-------+-------+-------++-------
  Melee: Flail             |   130 |    13 |       ||   143
         Whip              |       |   144 |   237 ||   381
    Use: Scroll            |     3 |     5 |     8 ||    16
         Potion            |       |     2 |     8 ||    10
 Armour: Scale mail        |    87 |       |       ||    87
         Plate armour      |    52 |    84 |   241 ||   377
         Skin              |       |    52 |     3 ||    55
  Dodge: Dodged            |    87 |    28 |    91 ||   206
  Block: Buckler           |    35 |    32 |    58 ||   125
